 Dungeon Crawl Stone Soup version 0.21-a0-552-g593960d (webtiles) character file.

65 polly the Cudgeler (level 3, -2/43 HPs)
             Began as a Demonspawn Berserker on Dec 18, 2017.
             Was a Believer of Trog.
             Slain by an orc priest
             ... wielding a +0 trident
              (10 damage)
             ... on level 3 of the Dungeon.
             The game lasted 00:01:28 (1199 turns).

polly the Cudgeler (Demonspawn Berserker)           Turns: 1199, Time: 00:01:29

Health: -2/43      AC:  3    Str: 22    XL:     3   Next: 92%
Magic:  3/3        EV: 12    Int:  8    God:    Trog [**....]
Gold:   171        SH:  0    Dex: 13    Spells: 2/2 levels left

rFire    . . .     SeeInvis .   a - +0 mace
rCold    . . .     Gourm    .   (no shield)
rNeg     . . .     Faith    .   b - +0 animal skin
rPois    .         Spirit   .   (no helmet)
rElec    .         Reflect  .   (no cloak)
rCorr    .         Harm     .   l - +0 pair of gloves
MR       .....                  (no boots)
Stlth    ..........             (no amulet)
HPRegen  0.14/turn              (no ring)
MPRegen  0.08/turn              (no ring)

@: berserking, starving, very quick
A: talons 1
a: Berserk, Trog's Hand, Burn Spellbooks, Renounce Religion


You were on level 3 of the Dungeon.
You worshipped Trog.
Trog was pleased with you.
You were starving.

You visited 1 branch of the dungeon, and saw 3 of its levels.

You collected 171 gold pieces.

Inventory:

Hand Weapons
 a - a +0 mace (weapon)
Armour
 b - a +0 animal skin (worn)
 l - a +0 pair of gloves (worn)
Jewellery
 n - an uncursed ring of poison resistance {unknown}
Scrolls
 d - 2 scrolls of remove curse {unknown}
 f - a scroll of teleportation {unknown}
 h - a scroll of magic mapping {unknown}
 k - 2 scrolls of amnesia {unknown}
 m - a scroll of enchant weapon {unknown}
 p - a scroll of blinking {unknown}
Potions
 e - a potion of magic {unknown}
 g - a potion of might {unknown}
 i - a potion of ambrosia {unknown}
 j - a potion of curing {unknown}
Comestibles
 c - 2 bread rations
 o - a royal jelly


   Skills:
 + Level 3.5 Fighting
 + Level 3.6 Maces & Flails
 + Level 1.8 Armour
 + Level 2.3 Dodging
 + Level 0.2 Stealth


You had 2 spell levels left.
You didn't know any spells.

Dungeon Overview and Level Annotations

Branches:
Dungeon (3/15)

Altars:


Innate Abilities, Weirdness & Mutations

You have sharp toenails.


Message History

You are too injured to fight recklessly!
You are too injured to fight recklessly!
You are too injured to fight recklessly!
You are too injured to fight recklessly!
You are starving!
You barely miss the orc. You claw the orc!
You kill the orc!
Trog accepts your kill.
The orc priest mumbles some strange prayers to Beogh against you.
Beogh smites you!
* * * LOW HITPOINT WARNING * * *
Items here: ! )) [ † a hand axe; a red potion; a dagger; a ring mail; an orc corpse You closely miss the orc priest.
The orc priest begins to cast a cantrip, but forgets the words!
You barely miss the orc priest.
You hit the orc priest but do no damage.
Your kick misses the orc priest. Something hits you but does no damage.
The orc priest hits you with a trident!
You die...

....# #<#...# #
#.#...#.# #. #.
#.#...#.# #.
#..........
#..#.##.#...# #.#
#..#.##.#o..# #.#
#.....#.#@..# #.#
#..#..#.{)..#.# #.#
#..#..#.......# #.#
#................
#.####..#..#..#..#..#.
#....#................
#....#..#..#..#..#..#.
##...#..#>...........
#'..................#


You could see an orc priest.

Vanquished Creatures
  An adder (D:2)
  2 worms (D:2)
  2 leopard geckos (D:2)
  3 orcs (D:3)
  A giant cockroach (D:1)
  5 goblins
  2 hobgoblins
  9 jackals (D:1)
  A ball python (D:2)
  4 bats
  4 frilled lizards (D:1)
  4 kobolds
  6 rats (D:1)
44 creatures vanquished.

Notes
Turn   | Place    | Note
-------+----------+-------------------------------------------
     0 | D:1      | polly the Demonspawn Berserker began the quest for the Orb.
     0 | D:1      | Reached XP level 1. HP: 18/18 MP: 1/1
   128 | D:1      | Gained mutation: You have sharp toenails. [demonic ancestry]
   128 | D:1      | Reached XP level 2. HP: 19/24 MP: 2/2
   205 | D:1      | Reached ** piety under Trog
   628 | D:1      | Reached XP level 3. HP: 29/29 MP: 3/3
  1199 | D:3      | Slain by an orc priest

Vault maps used:
D:1:      ncdulo_lavacross
D:2:      first_bread
D:3:      uniq_robin, uniq_terence

Skill      XL: |  1  2 |
---------------+-------+-----
Maces & Flails | 3 |  3.6
Dodging        | 2 |  2.3
Fighting       | |  3.5
Armour         | |  1.8
Stealth        | |  0.2

Action                   || total
-------------------------++-------
Melee: Mace              ||   101
       Kick              ||    20
Invok: Berserk           ||     1
 Stab: Sleeping          ||     1
Armor: Animal skin       ||    16
Dodge: Dodged            ||    87

Table legend:
 A = Spawn XP
 B = Non-spawn XP
 C = Spawn XP percentage of total XP
 D = Spawn monster count
 E = Non-spawn monster count
 F = Spawn count percentage of total count
 G = Total turns spent on level
                    A         B        C        D         E        F      G
               +---------+---------+-------+---------+---------+-------+---------
         Total |       0 |      93 |   0.0 |       0 |      44 |   0.0 |  1199
               +---------+---------+-------+---------+---------+-------+---------
           D:1 |       0 |      42 |   0.0 |       0 |      28 |   0.0 |   771
           D:2 |       0 |      42 |   0.0 |       0 |      13 |   0.0 |   359
           D:3 |       0 |       9 |   0.0 |       0 |       3 |   0.0 |    69
               +---------+---------+-------+---------+---------+-------+---------
